 Dungeon Crawl Stone Soup version 0.31-a0-986-g5e6e4ef867 (webtiles) character file.

Game seed: 13379911936181340422

221 obanaku the Shield-Bearer (level 6, 0/42 (48) HPs)
             Began as a Formicid Fighter on Nov 20, 2023.
             Killed by nerve-wracking pain
             ... invoked by an orc priest
              (14 damage)
             ... on level 3 of the Dungeon.
             The game lasted 00:21:20 (3657 turns).

obanaku the Shield-Bearer (Formicid Fighter)        Turns: 3657, Time: 00:21:21

HP:   0/42 (48)     AC: 10    Str: 22    XL:     6   Next: 18%
MP:   6/6           EV:  9    Int:  8    God:
Gold: 108           SH:  9    Dex: 13    Spells: 5/5 levels left

rFire   . . .        a - +0 trident
rCold   + . .        n - +0 kite shield
rNeg    . . .        b - +0 scale mail
rPois   .            (helmet unavailable)
rElec   .            q - +2 cloak of Spring {Harm +Inv}
rCorr   .            (no gloves)
SInv    +            (no boots)
Will    .....        (no amulet) Stlth
                     k - ring of protection from cold
HPRegen 0.27/turn    (no ring)
MPRegen 0.10/turn

%: harm (+30% outgoing, +20% incoming)
@: heavily drained
A: permanent stasis, dig shafts and tunnels, antennae 3, four strong arms
a: Dig, Shaft Self, Evoke Invisibility


You were on level 3 of the Dungeon.
You visited 1 branch of the dungeon, and saw 3 of its levels.

You collected 108 gold pieces.

Inventory:

Hand Weapons
 a - a +0 trident (weapon)
 e - a +0 dagger
 g - a +0 short sword
 p - a +0 hand axe
Missiles
 m - 6 poisoned darts
Armour
 b - a +0 scale mail (worn)
 c - a +0 buckler
 f - a +0 ring mail
 h - a +0 robe
 i - a +0 scale mail
 n - a +0 kite shield (worn)
 q - the +2 cloak of Spring (worn) {Harm +Inv}
   (You acquired it on level 3 of the Dungeon)

   +Inv:      It lets you turn invisible.
   Harm:      It increases damage dealt and taken.
Jewellery
 k - a ring of protection from cold (left hand)
Scrolls
 j - a scroll of poison
 t - a scroll of fog {unknown}
Potions
 d - a potion of attraction {unknown}
 l - 2 potions of heal wounds {unknown}
 o - a potion of might
 r - a potion of ambrosia {unknown}


   Skills:
 + Level 4.0 Fighting
 + Level 2.0 Short Blades
 + Level 2.9 Polearms
 + Level 4.6 Armour
 + Level 1.2 Dodging
 + Level 0.1 Stealth
 + Level 5.0 Shields


You had 5 spell levels left.
You didn't know any spells.
Your spell library contained the following spells:

 Spells                   Type           Power      Damage    Failure   Level
 Poisonous Vapours        Pois/Air       0%         N/A       98%         2
 Mephitic Cloud           Conj/Pois/Air  0%         N/A       100%        3
 Freezing Cloud           Conj/Ice/Air   0%         6-21      100%        5


Dungeon Overview and Level Annotations

Branches:
Dungeon (3/15)

Altars:


Innate Abilities, Weirdness & Mutations

You cannot be hasted, slowed, berserked, paralysed or teleported.
You can dig through walls and to a lower floor.
You have a pair of large antennae on your head. (SInv)
Your four strong arms can wield two-handed weapons with a shield.


Message History

Beogh smites you!
An orc comes into view. It is wielding a +0 dagger.
An orc comes into view. It is wielding a +0 club.
The orc shouts!
An orc comes into view. It is wielding a +0 flail.
Found 6 gold pieces.
You hit the orc.
The orc is almost dead.
The orc closely misses you.
The orc priest hits you but does no damage.
You closely miss the orc priest. The orc barely misses you.
The orc priest calls down the wrath of Beogh upon you.
Beogh smites you!
You closely miss the orc priest. The orc barely misses you.
You block the orc priest's attack. The orc hits you but does no damage.
You block the orc's attack.
The orc priest hits you but does no damage.
The orc hits you but does no damage.
You hit the orc priest.
The orc priest is lightly wounded.
The orc hits you with a +0 club. You block the orc's attack.
Found a pair of boots.
The orc hits you but does no damage. The orc barely misses you.
The orc priest barely misses you.
You closely miss the orc priest.
The orc priest is lightly wounded.
The orc hits you but does no damage. You block the orc's attack.
The orc priest barely misses you. The orc hits you but does no damage.
You hit the orc priest but do no damage.
The orc priest is lightly wounded.
You block the orc's attack. The orc priest barely misses you.
The orc hits you but does no damage. The orc barely misses you.
The orc hits you with a +0 dagger. The orc barely misses you.
The orc priest hits you but does no damage.
You block the orc's attack.
You hit the orc priest but do no damage.
The orc priest is lightly wounded.
The orc closely misses you. You block the orc's attack.
The orc priest calls down the wrath of Beogh upon you.
Pain shoots through your body!
You die...

####.##.#.####.######.#####
##..........................
#..##.##.#.#....####.#.#....
#.###.##.#.#.#######.#.#.##. #
#.# #.##..........##.#.#.##.
#.##.#.###.#.........$.##.#.#.##.
......>....###.........##.#.#.##.
............................#(##.
..........####.o@......##.###.##.
...............ooo.....# #.
..........####.#........ #.
..........# #.#.#.....[ #.
........).# #.#.#.#.### #.
..........# #.#.#.#... ..
..........# #.#.# # ### ........#
#.#.# ####..... .....


You could see an orc priest and 3 orcs.

Vanquished Creatures
  Jessica (D:2)
  Terence (D:2)
  An orc wizard (D:3)
  Natasha (twice) (D:2)
  2 adders (D:2)
  2 worms (D:2)
  2 dart slugs
  4 orcs (D:3)
  2 ball pythons (D:1)
  2 bats (D:1)
  9 endoplasms
  A giant cockroach (D:2)
  12 goblins
  9 hobgoblins
  2 jackals (D:2)
  A kobold (D:1)
  A quokka (D:2)
  2 frilled lizards
  5 rats
61 creatures vanquished.

Notes
Turn   | Place    | Note
-------+----------+-------------------------------------------
     0 | D:1      | obanaku the Formicid Fighter began the quest for the Orb.
     0 | D:1      | Reached XP level 1. HP: 18/18 MP: 1/1
    38 | D:1      | Reached XP level 2. HP: 20/24 MP: 2/2
   111 | D:1      | Found a faded altar of an unknown god.
   188 | D:1      | Reached XP level 3. HP: 11/29 MP: 3/3
   751 | D:2      | Noticed Jessica
   765 | D:2      | Killed Jessica
   766 | D:2      | Reached XP level 4. HP: 19/32 MP: 4/4
  1067 | D:2      | Noticed Terence
  1079 | D:2      | Killed Terence
  1440 | D:2      | Reached skill level 1 in Dodging
  1454 | D:2      | Reached XP level 5. HP: 20/27 MP: 5/5
  1567 | D:2      | Reached skill level 1 in Short Blades
  2293 | D:2      | Noticed Natasha
  2311 | D:2      | Killed Natasha
  2889 | D:2      | Noticed Natasha
  2905 | D:2      | Killed Natasha
  3077 | D:3      | Reached XP level 6. HP: 38/40 MP: 6/6
  3082 | D:3      | Reached skill level 5 in Shields
  3517 | D:3      | Identified a scroll of acquirement
  3517 | D:3      | Acquired the +2 cloak of Spring {Harm +Inv}
  3657 | D:3      | Killed from afar by an orc priest

Illustrated notes

Levels and vault maps discovered:
D:1:      beargit_arrival_greenhouse, layout_rooms, basic_ecumenical_altar
D:2:      kennysheep_the_goblin_king, layout_loops_corners, uniq_natasha,
          uniq_jessica, uniq_terence
D:3:      minmay_chambers_of_twos, layout_basic, nicolae_overflow_hidden_temple

Skill      XL: |  1  2  3  4  5  6 |
---------------+-------------------+-----
Armour         | 4 |  4.6
Dodging        | 1 |  1.2
Short Blades   | 1 2 |  2.0
Fighting       | 4 |  4.0
Shields        | 5 |  5.0
Polearms       | |  2.9
Stealth        | |  0.1

Action                     |  1- 3 |  4- 6 || total
---------------------------+-------+-------++-------
  Melee: Trident           |    27 |    37 ||    64
         Short sword       |    64 |   121 ||   185
Ability: Dig               |     8 |     2 ||    10
    Use: Scroll            |     3 |     3 ||     6
         Potion            |       |     3 ||     3
 Armour: Scale mail        |    64 |    90 ||   154
  Dodge: Dodged            |    45 |    61 ||   106
  Block: Buckler           |    28 |    23 ||    51
         Kite shield       |       |    18 ||    18

Table legend: (Time is in decaauts)
 A = Elapsed time spent in this place.
 B = Non-inter-level travel time spent in this place.
 C = Inter-level travel time spent in this place.
 D = Time resting spent in this place.
 E = Time spent auto-exploring this place.
 F = Levels seen in this place.
 G = Mean time per level.
                   A        B        C        D        E       F      G
               +--------+--------+--------+--------+--------+-----+--------+
         Total |   3670 |   2989 |    681 |    671 |     18 |   3 | 1223.3 |
       Dungeon |   3670 |   2989 |    681 |    671 |     18 |   3 | 1223.3 |
               +--------+--------+--------+--------+--------+-----+--------+

Top non-repeatable levels by time:
     D:2: 2365 daAuts
     D:1: 677 daAuts
     D:3: 627 daAuts
